 Dungeon Crawl Stone Soup version 0.20.1-1-g8b1a95d (webtiles) character file.

4462 vineage the Carver (level 10, 0/79 HPs)
             Began as a Demonspawn Berserker on Sept 15, 2017.
             Was an Elder of Trog.
             Succumbed to a hornet's poison
             ... on level 9 of the Dungeon.
             The game lasted 00:15:10 (6757 turns).

vineage the Carver (Demonspawn Berserker)           Turns: 6757, Time: 00:15:10

Health: 0/79       AC: 18    Str: 20 (21) XL:     10   Next: 15%
Magic:  3/3        EV:  7    Int: 10      God:    Trog [****..]
Gold:   618        SH:  5    Dex: 12 (13) Spells: 9/9 levels left

rFire    . . .     SeeInvis +   K - +3 demon trident (antimagic)
rCold    . . .     Gourm    .   G - +0 buckler
rNeg     . . .     Faith    .   A - +0 plate armour
rPois    .         Spirit   .   (helmet unavailable)
rElec    .         Reflect  +   v - +1 cloak
rCorr    .         Harm     .   (no gloves)
MR       ++...                  (no boots)
Stlth    ..........             D - +2 amulet of reflection
Regen    0.3/turn               B - ring of protection from magic
MPRegen  0.1/turn               (no ring)

@: lethally poisoned (0 -> -12), berserk cooldown, flying, starving, slowed,
invisible, very slow
A: antennae 3, icy blue scales 2, clever 1, deterioration 1, magic resistance 1,
sense surroundings 1, powered by death 1
a: Berserk, Trog's Hand, Brothers in Arms, Burn Spellbooks, Renounce Religion


You were on level 9 of the Dungeon.
You worshipped Trog.
Trog was greatly pleased with you.
You were starving.

You visited 1 branch of the dungeon, and saw 9 of its levels.

You collected 618 gold pieces.

Inventory:

Hand Weapons
 a - a +1 falchion of electrocution
 K - a +3 antimagic demon trident (weapon)
Armour
 t - a +1 hat
 v - a +1 cloak (worn)
 A - a +0 plate armour (worn)
 G - a +0 buckler (worn)
 I - a +3 ring mail
Jewellery
 r - an uncursed amulet of regeneration
 B - a ring of protection from magic (left hand)
 D - a +2 amulet of reflection (around neck)
 J - an uncursed amulet of faith {unknown}
Wands
 h - a wand of disintegration (13/24)
 i - a wand of random effects (32/48)
 m - a wand of acid (9/15)
 y - a wand of random effects (13/48)
 E - a wand of confusion (25/48)
 H - a wand of disintegration (15/24)
Scrolls
 b - a scroll of blinking
 d - 2 scrolls of remove curse
 f - 4 scrolls of teleportation
 n - a scroll of recharging
 q - 3 scrolls of magic mapping
 z - a scroll of identify
Potions
 e - 4 potions of haste
 j - 3 potions of ambrosia
 k - 5 potions of berserk rage
 u - 2 potions of brilliance
 w - 2 potions of lignification
 x - a potion of cancellation
Books
 F - a book of Debilitation

   Spells                             Type                      Level
   a - Corona                         Hexes                        1
   b - Slow                           Hexes                        2
   c - Inner Flame                    Hexes/Fire                   3
   d - Portal Projectile              Hexes/Translocation          3
   e - Cause Fear                     Hexes                        4
   f - Leda's Liquefaction            Hexes/Earth                  4
   Trog disapproves of the use of such an item.
Comestibles
 c - 4 bread rations
 g - 3 fruits
 l - 6 meat rations
 s - 2 royal jellies


   Skills:
 + Level 7.2 Fighting
 + Level 9.6 Long Blades
 + Level 0.5 Polearms
 + Level 7.0 Armour
 + Level 3.8 Dodging
 + Level 1.5 Stealth
 + Level 1.1 Shields


You had 9 spell levels left.
You didn't know any spells.

Dungeon Overview and Level Annotations

Branches:
Dungeon (9/15)             Temple (0/1) D:5
   Lair: D:8-11         Orc: D:9-12

Altars:
Dithmenos
Gozag
Hepliaklqana
Uskayaw
Xom
Zin

Shops:
D:7 }   D:8 :[=(


Innate Abilities, Weirdness & Mutations

You have a pair of large antennae on your head. (SInv)
You are mostly covered in icy blue scales. (AC +3)
You regenerate a little health from kills.
Your mind is acute. (Int +2)
Your body sometimes deteriorates upon taking damage.
You are resistant to hostile enchantments. (MR+)
You passively map a small area around you.


Message History

* * * LOW HITPOINT WARNING * * *
You are poisoned.
You feel as though you will be slow longer.
The hornet stings you.
* * * LOW HITPOINT WARNING * * *
You feel as though you will be slow longer.
The hornet stings you.
* * * LOW HITPOINT WARNING * * *
You are more poisoned.
You feel as though you will be slow longer.
You miss the hornet.
The hornet is heavily wounded.
You feel very sick. The hornet stings you.
* * * LOW HITPOINT WARNING * * *
You feel as though you will be slow longer.
The hornet stings you but does no damage. x2
You fade into invisibility!
Your skin stops crawling.
You feel less resistant to hostile enchantments.
You die...

.....#..................#, ....
.....#.......####.......# , ....
.....######### #.......#####....
.............#, #................
............## ##...............
............#.# *#...............
............##.#{#...............
..###########.#y##########.......
..........#.##.#@#...............
..........#.# #.##...<...........
..........#.###.##...............
..........#....#.......††.......>
..#.......#....#....##...########
..#..................#...........
..#..................#...........
..#..................#...........
..#..................#...........


You could see a hornet.

Vanquished Creatures
  A two-headed ogre (D:8)
  A hornet (D:9)
  A hippogriff (D:6)
  3 yaks (D:9)
  A wyvern (D:8)
  Edmund (D:3)
  Duvessa (D:4)
  An orc warrior (D:8)
  A black bear (D:7)
  An ice beast (D:5)
  2 ogres
  A necrophage (D:7)
  5 centaurs
  3 bullfrogs
  Dowan (D:4)
  3 scorpions
  3 killer bees (D:8)
  2 bullfrog zombies
  8 crimson imps
  6 hounds
  Crazy Yiuf (D:4)
  A gnoll shaman (D:4)
  3 jellies
  4 orc wizards
  An orc priest (D:8)
  5 worker ants
  2 hound skeletons
  A worker ant zombie (D:3)
  9 gnolls
  5 adders
  4 shadow imps
  An ooze (D:1)
  An adder skeleton (D:4)
  3 worms
  4 dart slugs
  A leopard gecko (D:9)
  14 orcs
  3 ball pythons
  7 bats
  4 giant cockroaches
  5 goblins
  11 hobgoblins
  3 iguanas
  10 jackals
  5 kobolds
  5 quokkas
  8 frilled lizards
  A leopard gecko skeleton (D:5)
  5 rats
173 creatures vanquished.

Notes
Turn   | Place    | Note
-------+----------+-------------------------------------------
     0 | D:1      | vineage the Demonspawn Berserker began the quest for the Orb.
     0 | D:1      | Reached XP level 1. HP: 18/18 MP: 1/1
    92 | D:1      | Reached skill level 3 in Long Blades
    95 | D:1      | Gained mutation: You are partially covered in icy blue scales. (AC +2) [demonic ancestry]
    95 | D:1      | Reached XP level 2. HP: 6/24 MP: 2/2
   586 | D:1      | Reached ** piety under Trog
   592 | D:1      | Gained mutation: You have a pair of small antennae on your head. [demonic ancestry]
   592 | D:1      | Reached XP level 3. HP: 25/29 MP: 3/3
  1392 | D:2      | Gained mutation: You are mostly covered in icy blue scales. (AC +3) [demonic ancestry]
  1392 | D:2      | Reached XP level 4. HP: 31/35 MP: 4/4
  1471 | D:2      | Noticed a dagger
  1472 | D:2      | Noticed a dagger
  1472 | D:2      | Found a hide-covered altar of Uskayaw.
  2130 | D:3      | Reached skill level 4 in Long Blades
  2130 | D:3      | Gained mutation: You have a pair of antennae on your head. [demonic ancestry]
  2130 | D:3      | Reached XP level 5. HP: 25/41 MP: 5/5
  2325 | D:3      | Found a shimmering altar of Xom.
  2380 | D:3      | Reached *** piety under Trog
  2523 | D:4      | Noticed Edmund
  2552 | D:3      | Killed Edmund
  2552 | D:3      | Reached skill level 5 in Long Blades
  2552 | D:3      | Gained mutation: You regenerate a little health from kills. [demonic ancestry]
  2552 | D:3      | Reached XP level 6. HP: 48/48 MP: 6/6
  2712 | D:4      | Reached XP level 7. HP: 20/55 MP: 7/7
  2971 | D:4      | Noticed Duvessa
  2977 | D:4      | Noticed Dowan
  2998 | D:4      | Killed Duvessa
  3026 | D:4      | Killed Dowan
  3071 | D:4      | Found a shadowy altar of Dithmenos.
  3074 | D:4      | Found a hazy altar of Hepliaklqana.
  3080 | D:4      | Found an opulent altar of Gozag.
  3215 | D:4      | Found a runed door.
  3374 | D:4      | Noticed Crazy Yiuf
  3387 | D:4      | Killed Crazy Yiuf
  3472 | D:5      | Entered Level 5 of the Dungeon
  3484 | D:5      | Reached skill level 1 in Stealth
  3577 | D:5      | Reached skill level 6 in Long Blades
  3589 | D:5      | Found a staircase to the Ecumenical Temple.
  3903 | D:5      | Gained mutation: You have a pair of large antennae on your head. (SInv) [demonic ancestry]
  3903 | D:5      | Reached XP level 8. HP: 56/61 MP: 8/8
  3919 | D:5      | Reached skill level 5 in Fighting
  4578 | D:6      | Noticed a hippogriff
  4587 | D:6      | Killed a hippogriff
  4587 | D:6      | Reached skill level 7 in Long Blades
  4846 | D:7      | Found Pacyur's Gadget Shop.
  5022 | D:7      | Reached skill level 5 in Armour
  5180 | D:7      | Reached XP level 9. HP: 67/69 MP: 9/9
  5276 | D:7      | Found a glowing silver altar of Zin.
  5497 | D:8      | Reached skill level 8 in Long Blades
  5507 | D:8      | Noticed a two-headed ogre
  5508 | D:8      | Found Mubiv's Antique Armour Boutique.
  5515 | D:8      | Killed a two-headed ogre
  5585 | D:8      | Found Qutorof's Jewellery Emporium.
  5592 | D:8      | Found Qieraogg's Antique Weapon Boutique.
  5601 | D:8      | Reached **** piety under Trog
  5765 | D:8      | Reached skill level 9 in Long Blades
  5872 | D:8      | Found Ziaqoh's Book Emporium.
  6445 | D:9      | Gained mutation: Your mind is acute. (Int +2) [potion of mutation]
  6445 | D:9      | Gained mutation: Your body sometimes deteriorates upon taking damage. [potion of mutation]
  6445 | D:9      | Gained mutation: You passively map a small area around you. [potion of mutation]
  6445 | D:9      | Gained mutation: You are resistant to hostile enchantments. (MR+) [potion of mutation]
  6474 | D:9      | Found a runed door.
  6586 | D:9      | Reached XP level 10. HP: 63/79 MP: 10/10
  6593 | D:9      | Reached skill level 1 in Shields
  6733 | D:9      | Paralysed by a hornet for 2 turns
  6744 | D:9      | Paralysed by a hornet for 3 turns
  6749 | D:9      | Paralysed by a hornet for 3 turns
  6756 | D:9      | HP: 2/79 [hornet (5)]
  6757 | D:9      | Succumbed to a hornet's poison

Skill      XL: |  1  2  3  4  5  6  7  8  9 10 |
---------------+-------------------------------+-----
Long Blades    | 3 4 5 6 7 9 |  9.6
Dodging        | 2 3 |  3.8
Armour         | 2 3 5 6 7 |  7.0
Fighting       | 4 5 7 |  7.2
Stealth        | 1 |  1.5
Shields        | 1 |  1.1
Polearms       | |  0.5

Action                   |  1- 3 |  4- 6 |  7- 9 | 10-12 || total
-------------------------+-------+-------+-------+-------++-------
Melee: Falchion          |   139 |   206 |   449 |     7 ||   801
       Demon trident     |       |       |       |    30 ||    30
Invok: Berserk           |     1 |     1 |     2 |     1 ||     5
       Trog's Hand       |       |     1 |     3 |     1 ||     5
  Use: Scroll            |       |     5 |    17 |       ||    22
       Potion            |       |     1 |     2 |     4 ||     7
  Eat: Chunk             |     2 |     7 |     7 |       ||    16
       Royal jelly       |       |       |     1 |       ||     1
       Fruit             |       |       |     2 |       ||     2
       Meat ration       |       |       |     1 |       ||     1
Armor: Animal skin       |    43 |     6 |       |       ||    49
       Ring mail         |       |    68 |    40 |       ||   108
       Plate armour      |       |       |   255 |    30 ||   285
Dodge: Dodged            |   112 |   146 |   211 |    19 ||   488
Block: Buckler           |       |       |    21 |    13 ||    34
       Reflection        |       |       |     1 |       ||     1
       Rpst.: Falchion   |    39 |    38 |    60 |     1 ||   138
